 Dungeon Crawl Stone Soup version 0.20.1-1-g8b1a95d (webtiles) character file.

757 carlb the Conjurer (level 7, -5/64 HPs)
             Began as a Naga Wizard on Nov 24, 2017.
             Slain by an ice beast (7 damage)
             ... on level 5 of the Dungeon.
             The game lasted 00:34:53 (7961 turns).

carlb the Conjurer (Naga Wizard)                    Turns: 7961, Time: 00:34:54

Health: -5/64      AC:  3    Str:  9    XL:     7   Next: 79%
Magic:  1/11       EV: 10    Int: 20    God:
Gold:   359        SH:  0    Dex: 14    Spells: 3/12 levels left

rFire    . . .     SeeInvis +   q - +0 trident
rCold    . . .     Gourm    .   (no shield)
rNeg     . . .     Faith    .   a - +0 robe
rPois    +         Spirit   .   o - +0 hat
rElec    .         Reflect  .   (no cloak)
rCorr    .         Harm     .   (no gloves)
MR       +....                  (no barding)
Stlth    ++........             (no amulet)
Regen    0.2/turn               p - +4 ring of dexterity
MPRegen  0.2/turn               B - ring of protection from magic

@: very slow
A: see invisible, deformed body, poison resistance, slowness 2, slow metabolism
1, spit poison 1, AC +2
a: Spit Poison


You were on level 5 of the Dungeon.
You were hungry.

You visited 1 branch of the dungeon, and saw 5 of its levels.

You collected 359 gold pieces.

Inventory:

Hand Weapons
 f - a +0 hunting sling
 q - a +0 trident (weapon)
 y - a +0 blowgun
 F - a +4 hand axe
 G - a +3 dagger
 K - a +0 hand axe of flaming
Missiles
 l - 2 curare-tipped needles
 n - 34 poisoned needles
 I - 7 tomahawks (quivered)
Armour
 a - a +0 robe (worn)
 o - a +0 hat (worn)
Jewellery
 p - a +4 ring of dexterity (left hand)
 B - a ring of protection from magic (right hand)
 H - a +3 ring of dexterity
Wands
 L - a wand of paralysis (12/24)
Scrolls
 e - 2 scrolls of recharging {unknown}
 g - a scroll of remove curse
 i - a scroll of amnesia {unknown}
 k - 6 scrolls of identify {unknown}
 r - a scroll of random uselessness {unknown}
 s - 4 scrolls of teleportation {unknown}
 t - 2 scrolls of enchant armour {unknown}
 x - a scroll of fog {unknown}
 z - a scroll of immolation {unknown}
 J - a scroll of enchant weapon {unknown}
Potions
 b - a potion of heal wounds
 h - 2 potions of brilliance {unknown}
 j - a potion of lignification {unknown}
 m - 3 potions of curing {unknown}
 u - a potion of might {unknown}
 v - a potion of haste {unknown}
 A - 2 potions of mutation {unknown}
 C - a potion of agility {unknown}
 D - 2 potions of degeneration {unknown}
Books
 c - a book of Minor Magic

   Spells                             Type                      Level
   a - Magic Dart                     Conjuration                  1
   b - Blink                          Translocation                2
   c - Call Imp                       Summoning                    2
   d - Slow                           Hexes                        2
   e - Conjure Flame                  Conjuration/Fire             3
   f - Mephitic Cloud                 Conjuration/Poison/Air       3
Comestibles
 d - 5 bread rations
 w - a fruit
 E - a meat ration


   Skills:
 + Level 4.1 Fighting
 - Level 1.5 Dodging
 - Level 3.0 Stealth
 - Level 3.0 Spellcasting
 + Level 5.3 Conjurations
 - Level 1.0 Summonings
   Level 1.0 Translocations
 + Level 4.4 Fire Magic


You had 3 spell levels left.
You knew the following spells:

 Your Spells              Type           Power        Failure   Level  Hunger
a - Magic Dart            Conj           ###.         1%          1    None
b - Call Imp              Summ           #.......     14%         2    ##.....
c - Conjure Flame         Conj/Fire      ###.....     6%          3    ###....
d - Mephitic Cloud        Conj/Pois/Air  ##......     21%         3    ###....


Dungeon Overview and Level Annotations

Branches:
Dungeon (5/15)
 Temple: D:4-7

Altars:

Annotations:
D:4 exclusions: hippogriff and hungry ghost
D:5 Frank's ghost, novice OpFi


Innate Abilities, Weirdness & Mutations

You cannot wear boots.
Your serpentine skin is tough. (AC +2)
You have supernaturally acute eyesight. (SInv)
Armour fits poorly on your strangely shaped body.
Your system is resistant to poisons. (rPois)
You cover ground very slowly.
You have a slow metabolism.
You can spit poison.


Message History

The ice beast closely misses you.
Your crimson imp hits the ice beast but does no damage.
You hit the ice beast.
The ice beast is severely wounded.
The ice beast hits you. The ice beast freezes you!
Your crimson imp blinks!
The ice beast misses you.
You completely miss the ice beast.
The ice beast is severely wounded.
The ice beast hits you.
* * * LOW HITPOINT WARNING * * *
The ice beast freezes you!
* * * LOW HITPOINT WARNING * * *
Your white imp closely misses the ice beast.
You hit the ice beast but do no damage.
The ice beast is severely wounded.
The ice beast hits you.
* * * LOW HITPOINT WARNING * * *
The ice beast freezes you!
You die...

)# #.#####(####.###.#.##.......
.#####.#####.####........#.#.####
........((...##..............#
######.########.####.#...#.######
#)# #####.# #.##.##.##...#
#.####...#.# #.##.##.#.....
###.....###..## #.##.##.....##
#...)#.## ##..###.#...#....##
#.##.#.# #.@.............#
#.##.#.## ##Y######...#....##
##.##(##.###5## ##.###....##
#....[<.(..5## #.# ##.....
#..##.###(.##########.# ##....
#..##.# #<..........#.# ##.#.
#..##.# ##.########.#.# #.#.
#..##.# #(# #.######.#. #..##>#
#.####### #>.........


You could see an ice beast, a friendly crimson imp and a friendly white imp.

Vanquished Creatures
  A crimson imp (D:4)
  3 orc wizards
  2 orc priests
  An iguana (D:5)
  A hound skeleton (D:4)
  A gnoll (D:1)
  8 adders
  A worm (D:3)
  3 dart slugs
  4 leopard geckos
  17 orcs
  6 giant cockroaches
  9 hobgoblins
  9 jackals
  A quokka (D:5)
  2 ball pythons (D:1)
  6 bats
  3 frilled lizards
  A giant cockroach zombie (D:5)
  3 goblins
  11 kobolds
  5 rats
98 creatures vanquished.

Vanquished Creatures (collateral kills)
  2 phantoms (D:4)
  2 centaurs
  A howler monkey (D:5)
  3 orc priests
  2 worker ants
  A worker ant zombie (D:5)
  3 gnolls (D:3)
  An adder (D:3)
  A shadow imp (D:5)
  2 worms (D:3)
  9 orcs
  A goblin (D:3)
  A hobgoblin (D:3)
  A kobold (D:3)
30 creatures vanquished.

Grand Total: 128 creatures vanquished

Notes
Turn   | Place    | Note
-------+----------+-------------------------------------------
     0 | D:1      | carlb the Naga Wizard began the quest for the Orb.
     0 | D:1      | Reached XP level 1. HP: 15/15 MP: 4/4
   185 | D:1      | Reached skill level 2 in Conjurations
   185 | D:1      | Reached XP level 2. HP: 22/22 MP: 0/6
   239 | D:1      | Learned a level 2 spell: Call Imp
   917 | D:1      | Reached XP level 3. HP: 15/28 MP: 1/7
   922 | D:1      | Learned a level 3 spell: Conjure Flame
  1069 | D:1      | Reached skill level 3 in Conjurations
  1351 | D:1      | Reached skill level 1 in Fighting
  1736 | D:2      | Reached skill level 1 in Fire Magic
  1736 | D:2      | Reached XP level 4. HP: 33/38 MP: 4/8
  1861 | D:2      | Reached XP level 5. HP: 33/45 MP: 1/9
  1937 | D:2      | Learned a level 3 spell: Mephitic Cloud
  3309 | D:3      | Reached skill level 4 in Conjurations
  3522 | D:3      | Reached XP level 6. HP: 55/55 MP: 5/10
  4408 | D:4      | Noticed a phantom
  4440 | D:4      | Killed a phantom
  4586 | D:4      | Noticed a phantom
  4670 | D:4      | Killed a phantom
  4670 | D:4      | Reached XP level 7. HP: 44/62 MP: 1/11
  5327 | D:4      | Noticed a hippogriff
  5342 | D:4      | Noticed a hungry ghost
  6061 | D:5      | Entered Level 5 of the Dungeon
  6098 | D:4      | Reached skill level 5 in Conjurations
  6724 | D:5      | Noticed Frank's ghost (novice OpFi)
  6796 | D:5      | HP: 3/63 [ice beast (13)]
  7960 | D:5      | HP: 3/64 [ice beast (14)]
  7961 | D:5      | Slain by an ice beast

Skill      XL: |  1  2  3  4  5  6  7 |
---------------+----------------------+-----
Conjurations   | 2 3 4 5 |  5.3
Fighting       | 1 2 3 4 |  4.1
Fire Magic     | 1 2 3 4 |  4.4
Dodging        | |  1.5
Stealth        | |  3.0
Spellcasting   | |  3.0
Summonings     | |  1.0
Translocations | |  1.0

Action                   |  1- 3 |  4- 6 |  7- 9 || total
-------------------------+-------+-------+-------++-------
Melee: Short sword       |     9 |       |       ||     9
       Trident           |       |    41 |    35 ||    76
 Cast: Magic Dart        |    60 |   105 |    72 ||   237
       Call Imp          |       |    31 |    39 ||    70
       Conjure Flame     |       |     1 |     8 ||     9
 Abil: Spit Poison       |    13 |    11 |     1 ||    25
Evoke: Wand              |       |       |     1 ||     1
  Use: Scroll            |     1 |       |       ||     1
       Potion            |       |       |     2 ||     2
 Stab: Sleeping          |     1 |     1 |       ||     2
       Distracted        |       |     1 |     1 ||     2
  Eat: Chunk             |     2 |     8 |     6 ||    16
       Meat ration       |       |       |     1 ||     1
Armor: Robe              |     2 |     6 |    11 ||    19
Dodge: Dodged            |    14 |    19 |    65 ||    98
